 Dungeon Crawl Stone Soup version 0.17-a0-1763-g847a857 (webtiles) character file.

10759 Leibowitz the Blocker (level 11, -9/95 HPs)
             Began as a Minotaur Fighter on Sept 5, 2015.
             Was an Elder of Trog.
             Mangled by Sonja
             ... wielding a +0 short sword of distortion
              (15 damage)
             ... on level 1 of the Lair of Beasts.
             The game lasted 00:41:49 (10970 turns).

Leibowitz the Blocker (Minotaur Fighter)           Turns: 10970, Time: 00:41:49

Health: -9/95      AC: 10    Str: 24    XL:     11   Next: 40%
Magic:  10/10      EV:  9    Int:  5    God:    Trog [****..]
Gold:   2334       SH: 18    Dex: 10    Spells: 0 memorised, 10 levels left

rFire  + . .     SeeInvis .     b - +1 broad axe
rCold  . . .     Clarity  .     e - +0 scale mail {rPois}
rNeg   . . .     SustAt   .     I - +1 large shield
rPois  +         Gourm    .     V - +0 hat
rElec  .         Spirit   .     (no cloak)
rCorr  .         Warding  .     w - +0 pair of gloves
rMut   .         Stasis   .     s - +0 pair of boots
MR     +....                    u - amulet of faith
Stlth  +.........               r - ring of stealth
                                A - ring of protection from magic

@: lethally poisoned (-9 -> -12), slowed, heavily drained, very slow, somewhat
resistant to hostile enchantments, very unstealthy
A: retaliatory headbutt, horns 2, fire resistance 1
a: Burn Spellbooks, Berserk, Trog's Hand, Brothers in Arms, Renounce Religion


You were on level 1 of the Lair of Beasts.
You worshipped Trog.
Trog was greatly pleased with you.
You were not hungry.

You visited 3 branches of the dungeon, and saw 13 of its levels.
You also visited: Bailey.

You collected 2334 gold pieces.

Inventory:

Hand weapons
 a - a +2 hand axe of venom
 b - a +1 broad axe (weapon)
 g - a +0 long sword
 R - a +0 blowgun
Missiles
 J - 37 poisoned needles
 S - 8 curare-tipped needles
Armour
 e - a +0 scale mail of poison resistance (worn)
 s - a +0 pair of boots (worn)
 w - a +0 pair of gloves (worn)
 I - a +1 large shield (worn)
 V - a +0 hat (worn)
Jewellery
 f - an uncursed amulet of resist corrosion {unknown}
 m - an uncursed amulet of resist mutation
 p - an uncursed ring of magical power
 r - a ring of stealth (right hand)
 u - an amulet of faith (around neck)
 z - an uncursed ring of teleportation
 A - a ring of protection from magic (left hand)
 F - an uncursed ring of poison resistance
 K - an uncursed amulet of clarity {unknown}
 T - an uncursed ring of fire
 U - an uncursed ring of sustain attributes
Magical devices
 c - a wand of confusion (38)
 v - a wand of random effects (21)
 D - a wand of random effects (38)
Scrolls
 h - 3 scrolls of teleportation
 i - 8 scrolls of remove curse
 k - 2 scrolls of recharging
 o - 12 scrolls of identify
 y - 2 scrolls of enchant weapon
 E - 3 scrolls of enchant armour
Potions
 d - 2 potions of might
 n - a potion of haste
 q - a potion of resistance
 t - a potion of brilliance
 x - a potion of agility
 L - a potion of lignification
 M - 5 potions of flight
Books
 B - a book of Alchemy

   Spells                             Type                      Level
   a - Sublimation of Blood           Necromancy                   2
   b - Ignite Poison                  Fire/Transmutation/Poison    3
   c - Alistair's Intoxication        Transmutation/Poison         4
   d - Condensation Shield            Ice                          4
   e - Petrify                        Transmutation/Earth          4
   f - Irradiate                      Conjuration/Transmutation    5
   Trog disapproves of the use of such an item.
 H - a book of Conjurations

   Spells                             Type                      Level
   a - Magic Dart                     Conjuration                  1
   b - Searing Ray                    Conjuration                  2
   c - Dazzling Spray                 Conjuration/Hexes            3
   d - Fulminant Prism                Conjuration/Hexes            4
   e - Iskenderun's Mystic Blast      Conjuration                  4
   f - Iskenderun's Battlesphere      Conjuration/Charms           5
   Trog disapproves of the use of such an item.
Comestibles
 j - 12 bread rations
 l - 5 meat rations
 G - 3 beef jerkies
 N - a slice of pizza
 Q - a royal jelly


   Skills:
 + Level 8.3(5.5) Fighting
 + Level 2.5(0.1) Long Blades
 + Level 8.6(5.8) Axes
 + Level 1.1(0.0) Throwing
 + Level 9.8(6.9) Armour
 + Level 8.6(5.8) Dodging
 + Level 2.0(0.0) Stealth
 + Level 12.7(9.6) Shields


You had 10 spell levels left.
You didn't know any spells.

Dungeon Overview and Level Annotations

Branches:
Dungeon (11/15)            Temple (1/1) D:5            Lair (1/8) D:11
    Orc: D:9-12

Altars:
Ashenzari
Cheibriados
Dithmenos
Elyvilon
Fedhas
Gozag
Kikubaaqudgha
Makhleb
Nemelex Xobeh
Okawaru
Qazlal
Ru
Sif Muna
Trog
Vehumet
Xom
Yredelemnul
Zin
The Shining One
Jiyva

Shops:
D:5 %

Annotations:
Lair:1 Sonja


Innate Abilities, Weirdness & Mutations

You reflexively headbutt those who attack you in melee.
You have a pair of horns on your head.
Your flesh is heat resistant.


Message History

Sonja is heavily wounded.
You barely miss the sheep. You slash the water moccasin!
The water moccasin is severely wounded.
You feel sick. You block the water moccasin's attack. You block Sonja's attack.
Sonja hits you but does no damage. Space bends around you.
* * * LOW HITPOINT WARNING * * *
Sonja hits you but does no damage. Space bends around you.
* * * LOW HITPOINT WARNING * * *
The water moccasin bites you but does no damage.
The sheep bites you!
* * * LOW HITPOINT WARNING * * *
Sonja hits you but does no damage. Space bends around you.
* * * LOW HITPOINT WARNING * * *
Sonja barely misses you. You block Sonja's attack.
The water moccasin bites you but does no damage.
The sheep closely misses you. Sonja hits you but does no damage.
Sonja hits you but does no damage. Space bends around you.
* * * LOW HITPOINT WARNING * * *
Sonja hits you but does no damage. Space warps horribly around you!
You die...

..%. .......
..##P....
Y......
......... .....
......... ..Y.
........####..#
...........#.#
.....%....YY.#
....#...S<.#.#
......K@Y(...#
........Y..#.#
..........b#.#
....#......#.#
... ##.##.#..#
.. .. .....P .
... .....##
.... ......


You could see Sonja, a water moccasin and 5 sheep.

Vanquished Creatures
  Gastronok (D:8)
  A centaur warrior (D:10)
  Pikel (D:8)
  A hill giant (D:10)
  A spriggan (D:7)
  A deep elf fighter (D:6)
  2 deep elf magi (D:10)
  A wraith (D:10)
  A steam dragon (D:10)
  A hippogriff (D:10)
  5 yaks (D:10)
  3 hungry ghosts
  A sky beast (D:10)
  A water moccasin (D:5)
  9 orc warriors
  4 slaves (D:8)
  2 phantoms
  7 ogres
  A crocodile (D:10)
  3 centaurs
  7 giant frogs
  A wyvern zombie (D:10)
  A big kobold (D:8)
  3 scorpions
  26 killer bees
  A quasit (D:10)
  4 crimson imps
  2 giant frog skeletons
  4 jellies
  A centaur zombie (D:7)
  A giant frog zombie (D:11)
  4 orc priests
  8 orc wizards
  3 centaur skeletons
  6 hounds
  3 iguanas
  5 worker ants
  A hound zombie (D:9)
  A worker ant zombie (D:9)
  4 gnolls
  10 adders
  3 shadow imps
  An ooze (D:1)
  An adder skeleton (D:6)
  3 worms
  6 giant geckos
  46 orcs
  4 ball pythons
  7 bats
  3 giant cockroaches
  9 goblins
  12 hobgoblins
  10 jackals
  4 quokkas
  5 giant newts
  A jackal skeleton (D:6)
  22 kobolds
  A quokka skeleton (D:8)
  8 rats
289 creatures vanquished.

Vanquished Creatures (others)
  A sky beast (D:10)
1 creature vanquished.

Grand Total: 290 creatures vanquished

Notes
Turn   | Place    | Note
--------------------------------------------------------------
     0 | D:1      | Leibowitz the Minotaur Fighter began the quest for the Orb.
     0 | D:1      | Reached XP level 1. HP: 19/19 MP: 0/0
   144 | D:1      | Reached XP level 2. HP: 27/27 MP: 1/1
   482 | D:1      | Reached skill level 4 in Shields
   792 | D:2      | Reached XP level 3. HP: 29/33 MP: 2/2
  1343 | D:3      | Reached XP level 4. HP: 38/41 MP: 3/3
  1479 | D:3      | Reached skill level 1 in Axes
  1536 | D:3      | Reached skill level 1 in Dodging
  2014 | D:4      | Noticed an ogre
  2022 | D:4      | Killed an ogre
  2022 | D:4      | Reached skill level 5 in Shields
  2022 | D:4      | Reached XP level 5. HP: 11/47 MP: 4/4
  2290 | D:4      | Reached skill level 5 in Armour
  2320 | D:4      | Reached XP level 6. HP: 51/55 MP: 5/5
  2330 | D:4      | Noticed an ogre
  2339 | D:4      | Killed an ogre
  2772 | D:4      | Reached XP level 7. HP: 53/60 MP: 6/6
  3165 | D:5      | Entered Level 5 of the Dungeon
  3300 | D:5      | Found a staircase to the Ecumenical Temple.
  3310 | Temple   | Entered the Ecumenical Temple
  3545 | D:5      | Reached skill level 5 in Fighting
  3554 | D:5      | Reached skill level 6 in Armour
  3746 | D:5      | Reached skill level 1 in Stealth
  3781 | D:5      | Found Xuohoyho's Food Emporium.
  4023 | D:6      | Reached skill level 7 in Armour
  4023 | D:6      | Reached XP level 8. HP: 68/68 MP: 7/7
  4079 | D:6      | Noticed a deep elf fighter
  4107 | D:6      | Killed a deep elf fighter
  5135 | D:7      | Reached skill level 5 in Dodging
  5205 | D:7      | Found a snail-covered altar of Cheibriados.
  5229 | D:7      | Reached skill level 5 in Axes
  5229 | D:7      | Reached skill level 8 in Shields
  5408 | D:7      | Reached XP level 9. HP: 50/75 MP: 8/8
  5419 | D:7      | Found a flagged portal.
  5429 | Bailey   | Entered a bailey
  5699 | Bailey   | Reached skill level 9 in Shields
  6324 | D:7      | Found a deep blue altar of Sif Muna.
  6328 | D:7      | Found a shadowy altar of Dithmenos.
  6330 | D:7      | Found a sacrificial altar of Ru.
  6330 | D:7      | Found a snail-covered altar of Cheibriados.
  6330 | D:7      | Found a bloodstained altar of Trog.
  6338 | D:7      | Found an iron altar of Okawaru.
  6339 | D:7      | Found a basalt altar of Yredelemnul.
  6340 | D:7      | Found an ancient bone altar of Kikubaaqudgha.
  6343 | D:7      | Became a worshipper of Trog the Wrathful
  6384 | D:7      | Reached skill level 10 in Shields
  7050 | D:8      | Noticed Pikel
  7074 | D:8      | Killed Pikel
  7074 | D:8      | Reached XP level 10. HP: 47/86 MP: 9/9
  7298 | D:8      | Acquired Trog's first power
  7314 | D:8      | Found a shattered altar of Ashenzari.
  7747 | D:8      | Noticed Gastronok
  7772 | D:8      | Killed Gastronok
  7772 | D:8      | Reached skill level 11 in Shields
  7957 | D:8      | Acquired Trog's second power
  8190 | D:9      | Gained mutation: Your flesh is heat resistant. [potion of mutation]
  8190 | D:9      | Gained mutation: Your muscles are strong. (Str +2) [potion of mutation]
  8190 | D:9      | Lost mutation: Your muscles are strong. (Str +2) [potion of mutation]
  8215 | D:9      | Found a blossoming altar of Fedhas.
  8781 | D:9      | Found a shimmering altar of Xom.
  8860 | D:10     | Entered Level 10 of the Dungeon
  9443 | D:10     | Noticed a hill giant
  9485 | D:10     | Killed a hill giant
  9485 | D:10     | Reached skill level 12 in Shields
  9485 | D:10     | Reached XP level 11. HP: 94/94 MP: 10/10
  9553 | D:10     | Noticed a centaur warrior
  9565 | D:10     | Killed a centaur warrior
  9647 | D:10     | Reached skill level 1 in Throwing
 10550 | D:10     | Acquired Trog's third power
 10944 | D:11     | Found a staircase to the Lair.
 10962 | Lair:1   | Entered Level 1 of the Lair of Beasts
 10962 | Lair:1   | Noticed Sonja
 10970 | Lair:1   | Mangled by Sonja

Vault maps used:
D:1:      evilmike_arrival_run_for_it
D:3:      minmay_door_path, roderic_nine_men_s_morris, guppyfry_early_orc_mine
D:5:      temple_pool_b, serial_shops, shop, first_bread
D:6:      minivault_5, st_stairs_13, guppyfry_early_elven_hall
D:7:      minitemple, enter_bailey_2, the_bakery, minmay_misc_feat_diagonals,
          cheibrodos_worm_habitat
D:8:      ashenzari_altar_1, uniq_gastronok, uniq_pikel
D:9:      tgw_xom, nicolae_overflow_hidden_temple, minivault_10
D:11:     lair_0_dummy
Temple:   pf_slimified_temple
Lair:1:   minmay_lair_oklob_chamber, beast_lair_carwin_5, lemuel_fruit_fields,
          lemuel_fruit_fields, uniq_sonja, uniq_joseph
Bailey:   bailey_axe_4, bailey

Action                   |  1- 3 |  4- 6 |  7- 9 | 10-12 || total
-------------------------+-------+-------+-------+-------++-------
Melee: Long sword        |    12 |       |       |       ||    12
       Hand axe          |    73 |   103 |   275 |    48 ||   499
       Broad axe         |       |       |    48 |   307 ||   355
 Fire: Blowgun           |       |       |       |     6 ||     6
Invok: Berserk           |       |       |       |     1 ||     1
  Use: Scroll            |     2 |       |     8 |     3 ||    13
       Potion            |       |       |     2 |    13 ||    15
 Stab: Sleeping          |       |       |       |     2 ||     2
  Eat: Chunk             |     1 |     5 |    16 |    15 ||    37
       Pizza             |       |       |       |     1 ||     1
